 Dungeon Crawl Stone Soup version 0.18.1-50-g88ac8fd (webtiles) character file.

360710 graki42 the Hoplite (level 21, -2/211 HPs)
             Began as a Minotaur Fighter on Oct 5, 2016.
             Was the Champion of the Shining One.
             Killed from afar by a tengu reaver (41 damage)
             ... with a bolt of lightning
             ... on level 5 of the Vaults on Oct 6, 2016.
             The game lasted 05:13:33 (49179 turns).

graki42 the Hoplite (Minotaur Fighter)             Turns: 49179, Time: 05:13:34

Health: -2/211     AC: 30    Str: 30    XL:     21   Next: 48%
Magic:  35/40      EV: 15    Int: 10    God:    the Shining One [******]
Gold:   3059       SH: 43    Dex: 17    Spells: 1 memorised, 19 levels left

rFire  + + .     SeeInvis .     w - +4 scimitar (elec)
rCold  + + +     Gourm    +     L - +4 plate armour {rF+}
rNeg   + + +     Faith    .     K - +5 large shield
rPois  +         Spirit   .     h - +0 hat {Int+3}
rElec  .         Dismiss  .     J - +2 cloak {MR+}
rCorr  .         Reflect  .     r - +2 pair of gloves of Zin's Reproof {rPois Str+4}
SustAt +         Harm     .     (no boots)
MR     +++..                    t - amulet "Haopivuke" {Gourm rC++ Str+3 Dex+2}
Stlth  ..........               V - ring of Zewis {rF+ rC+ MP+9 Dex-3}
                                X - ring "Famiq" {SustAt MR+}

@: divine shield, very slightly contaminated, hasted, glowing, very quick,
extremely resistant to hostile enchantments, extremely unstealthy
A: retaliatory headbutt, horns 2, talons 1, slimy green scales 1, clever 1,
poison resistance, robust 1, wild magic 1, MP-powered wands
a: Divine Shield, Cleansing Flame, Summon Divine Warrior, Brand Weapon With Holy
Wrath, Renounce Religion
}: 2/15 runes: decaying, gossamer


You were on level 5 of the Vaults.
You worshipped the Shining One.
The Shining One was exalted by your worship.
You were very full.

You visited 8 branches of the dungeon, and saw 42 of its levels.
You also visited: Labyrinth, Sewer, Bailey and Ice Cave.

You collected 4768 gold pieces.
You spent 1709 gold pieces at shops.

Inventory:

Hand Weapons
 n - a +2 long sword of flaming
 w - a +4 scimitar of electrocution (weapon)
 F - a +3 scimitar of holy wrath
Armour
 h - a +0 hat of intelligence (worn)
 r - the +2 pair of gloves of Zin's Reproof (worn) {rPois Str+4}
   (You bought it in a shop on level 1 of the Orcish Mines)

   It affects your strength (+4).
   It protects you from poison.
 J - a +2 cloak of magic resistance (worn)
 K - a +5 large shield (worn)
 L - a +4 plate armour of fire resistance (worn)
Rods
 E - a +7 rod of inaccuracy (13/13)
   (You found it in a labyrinth)
Jewellery
 t - the amulet "Haopivuke" (around neck) {Gourm rC++ Str+3 Dex+2}
   (You found it in a labyrinth)

   [amulet of the gourmand]

   It allows you to eat raw meat even when not hungry.
   It affects your strength (+3).
   It affects your dexterity (+2).
   It greatly protects you from cold.
 D - an uncursed ring of resist corrosion
 V - the ring of Zewis (right hand) {rF+ rC+ MP+9 Dex-3}
   (You found it on level 3 of the Elven Halls)

   [ring of protection from cold]

   It affects your dexterity (-3).
   It protects you from fire.
   It protects you from cold.
   It affects your magic capacity (+9).
 X - the ring "Famiq" (left hand) {SustAt MR+}
   (You found it on level 3 of the Elven Halls)

   [ring of sustain attributes]

   It sustains your strength, intelligence and dexterity.
   It affects your resistance to hostile enchantments.
Wands
 x - a wand of heal wounds (3/9)
 N - a wand of digging (24/24)
Scrolls
 d - 6 scrolls of identify
 e - 4 scrolls of fog
 o - 8 scrolls of magic mapping
 s - 3 scrolls of teleportation
 G - 2 scrolls of blinking
 H - 17 scrolls of remove curse
Potions
 b - 2 potions of resistance
 j - 5 potions of cancellation
 k - 16 potions of curing
 v - a potion of haste
 B - 3 potions of flight
 Q - 3 potions of might
Comestibles
 f - 15 bread rations
 i - 43 fruits


   Skills:
 + Level 17.5 Fighting
   Level 1.2(13.7) Short Blades
 + Level 21.5 Long Blades
 + Level 0.8 Throwing
 + Level 15.4 Armour
 + Level 11.1 Dodging
 + Level 23.6 Shields
 + Level 0.2 Unarmed Combat
 * Level 15.8 Invocations
 + Level 1.0 Evocations


You had 19 spell levels left.
You knew the following spells:

 Your Spells              Type           Power        Failure   Level  Hunger
a - Apportation           Tloc           #.........   100%        1    ##.....


Dungeon Overview and Level Annotations

Branches:
Dungeon (15/15)            Temple (1/1) D:6            Lair (8/8) D:10
  Swamp (4/4) Lair:3       Spider (4/4) Lair:5        Slime (0/6) Lair:6
    Orc (2/2) D:9             Elf (3/3) Orc:2        Vaults (5/5) D:14
  Crypt (0/3) Vaults:2     Depths (0/5) D:15

Altars:
Ashenzari
Cheibriados
Elyvilon
Fedhas
Gozag
Kikubaaqudgha
Makhleb
Nemelex Xobeh
Okawaru
Pakellas
Qazlal
Ru
Sif Muna
Vehumet
Xom
Yredelemnul
Zin
The Shining One
Beogh

Shops:
D:5 !   D:15 }   Orc:1 [   Orc:2 ![(*   Elf:3 ?   Vaults:4 (}


Innate Abilities, Weirdness & Mutations

You reflexively headbutt those who attack you in melee.
You have a pair of horns on your head.
You have sharp toenails.
You are partially covered in slimy green scales (AC +2).
Your mind is acute. (Int +2)
Your system is resistant to poisons.
You are robust (+10% HP).
Your spells are a little harder to cast, but a little more powerful.
You expend magic power (3 MP) to strengthen your wands.


Message History

You slash the deep elf elementalist!
You claw the deep elf elementalist, but do no damage.
You headbutt the deep elf elementalist!
The deep elf elementalist is almost dead.
You block the fire bat's attack.
Your daeva hits the deep elf elementalist with a scimitar of holy wrath!
The deep elf elementalist dies!
The deep elf mage casts a spell at you.
The bolt of lightning misses the fire bat.
The bolt of lightning hits you!
* * * LOW HITPOINT WARNING * * *
You hear a shout!
A battlesphere comes into view.
You slice the tengu reaver!!
There is a sudden explosion of sparks!
Your kick misses the tengu reaver. You headbutt the tengu reaver.
The tengu reaver is heavily wounded.
You block the fire bat's attack.
The tengu reaver gestures at you while chanting.
The bolt of lightning hits you!
You die...

. .. ..#
######
########..
....#....#
#.........
..p#.....+
+.#.....#.
#..D#C..A#
#......#.#
#*Q)#
#...#...#.
..#...#b@#
#.!C...#.#
.....#.#)#
#.#Cp.#
#...#e.p.#
##uCp#.#.#
.#.#e#ยง#.#
#.CDCc#...
####'#####
#####'####
. .. . .#
.. .. +


You could see a quicksilver dragon, a stone giant, a tengu reaver, a deep elf
archer, 2 ironbrand convokers, a deep elf mage, a fire bat shaped shifter, a
battlesphere and a friendly daeva.

Vanquished Creatures
  Mara (Swamp:4)
  Nikola (Swamp:4)
  A lich (Vaults:5)
  Rupert (Vaults:1)
  Asterion (Spider:4)
  2 deep elf blademasters (Elf:3)
  A quicksilver dragon (Vaults:5)
  2 deep elf master archers (Elf:3)
  An ancient champion (Vaults:1)
  3 thorn hunters (Swamp:4)
  Frances (D:14)
  Roxanne (Swamp:1)
  Kirke (Swamp:3)
  A sphinx (Vaults:3)
  Agnes (Spider:2)
  Gastronok (Lair:2)
  Wiglaf (Vaults:1)
  A fire giant (Vaults:2)
  3 frost giants
  Louise (Spider:2)
  5 ghost moths
  5 vault wardens
  8 deep elf sorcerers
  3 emperor scorpions
  A ghoul (Vaults:2)
  3 deep elf elementalists (Elf:3)
  9 ironheart preservers
  2 stone giants
  2 salamander stormcallers
  7 deep elf demonologists
  10 deep elf annihilators
  3 spark wasps
  A minotaur (Lab)
  8 deep elf death magi
  A fire dragon (Vaults:2)
  2 ettins (Vaults:5)
  4 yaktaur captains
  2 deep elf high priests (Elf:3)
  31 vault guards
  4 entropy weavers
  18 hydras
  2 catoblepae
  5 ghost crabs
  5 ogre magi
  9 centaur warriors
  9 alligators
  4 death knights
  25 dancing weapons
  10 death yaks
  3 tengu warriors
  18 slime creatures
  26 deep elf knights
  2 wizards
  A salamander mystic (Vaults:3)
  9 skeletal warriors
  2 hell knights (Vaults:1)
  An unseen horror (shapeshifter) (Vaults:1)
  The ghost of Iflex the Ducker, a novice DsAK of Lugonu (D:8)
  An unseen horror (Vaults:1)
  9 swamp dragons
  2 giant orange brains
  15 orc knights
  A wolf spider zombie (D:15)
  2 flayed ghosts
  9 deep elf archers
  6 ironbrand convokers
  3 hill giants
  4 shambling mangroves
  Pikel (D:6)
  61 deep elf magi
  3 phantasmal warriors
  32 wolf spiders
  A tengu skeleton (Vaults:3)
  13 orb spiders
  6 cyclopes
  4 necromancers
  An orb spider (shapeshifter) (D:13)
  2 griffons
  An orc sorcerer (Elf:1)
  2 manticores
  2 moths of wrath (Spider:2)
  15 hornets
  2 hornets (shapeshifter)
  A sphinx skeleton (Vaults:3)
  3 salamanders (Vaults:3)
  19 ugly things
  An ice statue (IceCv)
  A centaur zombie (D:10)
  15 vault sentinels
  Joseph (D:7)
  A black mamba (Lair:8)
  A frost giant skeleton (Vaults:3)
  2 torpor snails
  4 centaur skeletons
  14 demonic crawlers
  17 spiny frogs
  15 yaktaurs
  3 kobold demonologists
  3 spriggan druids
  A yaktaur zombie (Vaults:3)
  4 freezing wraiths
  9 komodo dragons
  5 trolls
  30 jumping spiders
  Prince Ribbit (Lair:2)
  9 two-headed ogres
  Grinder (D:3)
  10 giant leeches
  A harpy skeleton (D:8)
  A tengu simulacrum (Vaults:3)
  19 polar bears
  A sphinx simulacrum (Vaults:1)
  14 blink frogs
  7 bog bodies
  5 boulder beetles
  Sigmund (D:6)
  15 spriggans
  3 shadows
  5 fire elementals
  43 tarantellas
  6 water elementals
  52 yaks
  An air elemental (Elf:2)
  20 humans (D:14)
  84 redbacks
  4 wyverns
  2 hogs (Swamp:3)
  4 fire bats (Lair:3)
  A basilisk (D:11)
  4 hungry ghosts
  12 hippogriffs
  38 vampire mosquitoes
  3 mottled dragons
  18 swamp worms
  9 wargs
  14 water moccasins
  18 porcupines
  Duvessa (D:7)
  A slave (D:6)
  50 orc warriors
  13 swamp drakes
  3 sky beasts
  12 ice beasts
  18 wasps
  25 ogres
  An eye of draining (D:11)
  4 boggarts
  8 black bears
  44 wolves
  29 centaurs
  18 crocodiles
  11 big kobolds
  19 giant frogs
  A wyvern zombie (D:14)
  An earth elemental (Elf:1)
  Dowan (D:7)
  2 wyvern skeletons
  A water moccasin zombie (D:9)
  4 scorpions
  A human simulacrum (Vaults:3)
  12 killer bees
  2 troll zombies (D:9)
  5 electric eels
  7 wights
  5 howler monkeys
  A howler monkey (shapeshifter) (Vaults:1)
  8 crimson imps
  A giant frog zombie (D:10)
  Crazy Yiuf (D:3)
  9 jellies
  13 orc priests
  7 hounds
  19 orc wizards
  3 giant frog skeletons
  Jessica (D:2)
  6 iguanas
  Natasha (twice) (D:3)
  Terence (D:3)
  An iguana (shapeshifter) (Elf:3)
  10 worker ants
  33 sheep
  6 ogre zombies (D:9)
  A worker ant zombie (D:9)
  14 adders
  3 gnolls (D:14)
  A howler monkey skeleton (D:9)
  41 river rats
  2 shadow imps
  7 oozes
  5 worms
  3 dart slugs
  9 giant geckos
  101 orcs
  4 giant cockroaches
  10 goblins
  11 hobgoblins
  4 jackals (D:5)
  24 kobolds
  A quokka (D:12)
  4 ball pythons
  5 bats
  2 giant gecko skeletons
  A giant gecko zombie (D:5)
  6 giant newts
  A goblin skeleton (D:9)
  A goblin zombie (D:9)
  A hobgoblin skeleton (D:9)
  6 hobgoblin zombies (D:9)
  A jackal skeleton (D:4)
  3 orc skeletons (D:9)
  13 orc zombies (D:9)
  2 quokka skeletons
  17 rats
  6 briar patches (Swamp:4)
  A bush (Lair:7)
  A butterfly (Lair:4)
  A crawling corpse (Elf:3)
  6 fungi
1801 creatures vanquished.

Vanquished Creatures (collateral kills)
  the Lernaean hydra (Swamp:4)
  A deep elf elementalist (Vaults:5)
  A hydra (Swamp:4)
  3 swamp dragons (Swamp:4)
  An obsidian statue (Spider:3)
  An orc knight (Vaults:2)
  2 wizards (Vaults:2)
  A yaktaur (Vaults:2)
  A redback (Spider:3)
12 creatures vanquished.

Vanquished Creatures (others)
  A deep elf high priest (Elf:3)
  A large abomination (Elf:3)
  A spriggan druid (Swamp:3)
  A shambling mangrove (Swamp:4)
  A deep elf mage (Elf:3)
  2 yaks (IceCv)
  A swamp worm (Swamp:4)
  3 wolves (IceCv)
  4 briar patches (Swamp:4)
  A crawling corpse (Elf:3)
  A fire vortex (Lair:3)
  3 fungi
  A plant (Lair:3)
21 creatures vanquished.

Grand Total: 1834 creatures vanquished

Notes
Turn   | Place    | Note
--------------------------------------------------------------
     0 | D:1      | graki42 the Minotaur Fighter began the quest for the Orb.
     0 | D:1      | Reached XP level 1. HP: 19/19 MP: 0/0
   195 | D:1      | Reached XP level 2. HP: 17/27 MP: 1/1
   232 | D:1      | Reached skill level 4 in Shields
   507 | D:1      | Reached XP level 3. HP: 32/33 MP: 2/2
  1013 | D:2      | Found a shattered altar of Ashenzari.
  1022 | D:2      | Noticed Jessica
  1030 | D:2      | Killed Jessica
  1034 | D:2      | Reached XP level 4. HP: 37/40 MP: 3/3
  1081 | D:2      | Found a burning altar of Makhleb.
  1424 | D:3      | Noticed Grinder
  1430 | D:3      | Paralysed by Grinder for 7 turns
  1449 | D:3      | Found a white marble altar of Elyvilon.
  1464 | D:3      | Noticed Terence
  1469 | D:3      | Killed Terence
  1469 | D:3      | Reached skill level 1 in Dodging
  1473 | D:3      | Found a glowing drain.
  1487 | Sewer    | Entered a sewer
  1681 | Sewer    | Noticed a big kobold
  1690 | Sewer    | Killed a big kobold
  1690 | Sewer    | Reached XP level 5. HP: 32/47 MP: 4/4
  1727 | Sewer    | Reached skill level 5 in Fighting
  1727 | Sewer    | Reached skill level 5 in Armour
  1727 | Sewer    | Reached skill level 5 in Shields
  1730 | Sewer    | Reached XP level 6. HP: 40/56 MP: 5/5
  2070 | Sewer    | Reached XP level 7. HP: 59/61 MP: 6/6
  2260 | D:3      | Killed Grinder
  2260 | D:3      | Reached skill level 6 in Shields
  2288 | D:3      | Noticed Natasha
  2293 | D:3      | Killed Natasha
  2306 | D:3      | Found an iron altar of Okawaru.
  2436 | D:3      | Noticed Crazy Yiuf
  2442 | D:3      | Killed Crazy Yiuf
  2633 | D:3      | Noticed Natasha
  2638 | D:3      | Killed Natasha
  3093 | D:4      | Reached XP level 8. HP: 66/69 MP: 7/7
  3625 | D:4      | Reached skill level 5 in Long Blades
  4179 | D:5      | Entered Level 5 of the Dungeon
  4310 | D:5      | Found Otecyept's Distillery.
  4326 | D:5      | Bought a potion of mutation for 25 gold pieces
  4326 | D:5      | Gained mutation: Your mind is acute. (Int +2) [potion of mutation]
  4326 | D:5      | Gained mutation: Your system is resistant to poisons. [potion of mutation]
  4326 | D:5      | Gained mutation: Your spells are a little harder to cast, but a little more powerful. [potion of mutation]
  4414 | D:5      | Reached skill level 5 in Dodging
  4414 | D:5      | Reached skill level 7 in Shields
  4603 | D:6      | Noticed Pikel
  4617 | D:5      | You fall through a shaft for 2 floors!
  4702 | D:7      | Noticed Joseph
  4718 | D:7      | Killed Joseph
  4736 | D:7      | Noticed Duvessa
  4738 | D:7      | Noticed Dowan
  4769 | D:7      | Killed Duvessa
  4783 | D:7      | Killed Dowan
  4786 | D:7      | HP: 3/70 [giant frog (5)]
  4789 | D:7      | Reached XP level 9. HP: 4/75 MP: 8/8
  5128 | D:7      | Reached skill level 8 in Shields
  5404 | D:6      | Killed Pikel
  5719 | D:6      | Found a staircase to the Ecumenical Temple.
  5733 | Temple   | Entered the Ecumenical Temple
  5741 | Temple   | Became a worshipper of the Shining One
  5777 | D:6      | Noticed Sigmund
  5821 | D:6      | Killed Sigmund
  5849 | D:6      | Found a stormy altar of Qazlal.
  6239 | D:8      | Reached skill level 9 in Shields
  6243 | D:8      | Gained mutation: You are robust (+10% HP). [mutagenic meat]
  6244 | D:8      | Gained mutation: You expend magic power (3 MP) to strengthen your wands. [mutagenic meat]
  6261 | D:8      | Noticed Iflex's ghost (novice DsAK)
  6286 | D:8      | Killed Iflex's ghost
  6483 | D:8      | Reached XP level 10. HP: 94/94 MP: 9/9
  6672 | D:8      | Found a snail-covered altar of Cheibriados.
  7102 | D:9      | Reached * piety under the Shining One
  7433 | D:9      | Reached skill level 10 in Shields
  7500 | D:9      | Reached ** piety under the Shining One
  7650 | D:9      | Found a staircase to the Orcish Mines.
  7674 | D:9      | Learned a level 1 spell: Apportation
  7728 | D:9      | Reached *** piety under the Shining One
  7951 | D:9      | Reached **** piety under the Shining One
  8057 | Orc:1    | Entered Level 1 of the Orcish Mines
  8262 | Orc:1    | Found Jifeneiff's Antique Armour Boutique.
  8274 | Orc:1    | Bought a pair of steaming gloves for 266 gold pieces
  8285 | Orc:1    | Identified the +2 pair of gloves of Zin's Reproof {rPois Str+4} (You bought it in a shop on level 1 of the Orcish Mines)
  8447 | Orc:1    | Found a roughly hewn altar of Beogh.
  8489 | Orc:1    | Reached XP level 11. HP: 52/103 MP: 10/10
  9005 | Orc:2    | Entered Level 2 of the Orcish Mines
  9021 | Orc:2    | Found a roughly hewn altar of Beogh.
  9085 | Orc:2    | Found a staircase to the Elven Halls.
  9115 | Orc:2    | Reached skill level 11 in Shields
  9229 | Orc:2    | Noticed an orc knight
  9240 | Orc:2    | Noticed an orc knight
  9261 | Orc:2    | Killed an orc knight
  9264 | Orc:2    | Noticed an orc knight
  9278 | Orc:2    | Killed an orc knight
  9736 | Orc:2    | Found Duthu's Assorted Antiques.
  9736 | Orc:2    | Found Rivorph's Antique Weapon Shop.
  9740 | Orc:2    | Bought a scroll labeled KUABAX ZOET for 34 gold pieces
  9762 | Orc:2    | Killed an orc knight
  9794 | Orc:2    | Reached skill level 10 in Long Blades
  9796 | Orc:2    | Noticed an orc knight
  9834 | Orc:2    | Reached skill level 1 in Invocations
 10085 | Orc:2    | Noticed an orc knight
 10113 | Orc:2    | Killed an orc knight
 10120 | Orc:2    | Killed an orc knight
 10167 | Orc:2    | Noticed an orc knight
 10186 | Orc:2    | Killed an orc knight
 10333 | Orc:2    | Reached skill level 10 in Armour
 10374 | Orc:2    | Found a roughly hewn altar of Beogh.
 10381 | Orc:2    | Found Zionweli's Armour Shoppe.
 10381 | Orc:2    | Found Gyoj's Distillery.
 10627 | Orc:2    | Noticed an orc knight
 10646 | Orc:2    | Killed an orc knight
 10646 | Orc:2    | Reached skill level 12 in Shields
 10722 | Orc:2    | Bought a runed falchion for 102 gold pieces
 10737 | Orc:2    | Bought a crystal short sword for 184 gold pieces
 10737 | Orc:2    | Identified the +9 short sword of Courage {flame, rN+ Int+4} (You bought it in a shop on level 2 of the Orcish Mines)
 10811 | D:10     | Entered Level 10 of the Dungeon
 10865 | D:10     | Reached ***** piety under the Shining One
 10975 | D:10     | Reached XP level 12. HP: 89/116 MP: 11/11
 10998 | D:10     | Found a staircase to the Lair.
 11056 | D:10     | Gained mutation: You have sharp toenails. [potion of beneficial mutation]
 11057 | D:10     | Gained mutation: You are partially covered in slimy green scales (AC +2). [potion of beneficial mutation]
 11583 | D:11     | Reached skill level 10 in Fighting
 12449 | D:13     | Noticed a tengu warrior
 12449 | D:13     | Noticed a tengu warrior
 12460 | D:13     | Killed a tengu warrior
 12460 | D:13     | Reached skill level 13 in Shields
 12473 | D:13     | Killed a tengu warrior
 12564 | D:13     | Noticed a catoblepas
 12586 | D:13     | Killed a catoblepas
 12851 | D:13     | You fall through a shaft for 2 floors!
 12851 | D:15     | Entered Level 15 of the Dungeon
 12884 | D:15     | Reached XP level 13. HP: 110/127 MP: 15/15
 12987 | D:14     | Found a flagged portal.
 12998 | Bailey   | Entered a bailey
 13490 | D:14     | Reached skill level 5 in Invocations
 13500 | D:14     | Noticed Frances
 13517 | D:14     | Killed Frances
 13519 | D:14     | Reached skill level 14 in Shields
 13695 | D:14     | Reached ****** piety under the Shining One
 13824 | D:14     | Noticed a vault guard
 14620 | Lair:1   | Entered Level 1 of the Lair of Beasts
 15704 | Lair:2   | Noticed Prince Ribbit
 15715 | Lair:2   | Killed Prince Ribbit
 15873 | Lair:2   | Noticed Gastronok
 15899 | Lair:2   | Killed Gastronok
 16547 | Lair:3   | Reached XP level 14. HP: 138/138 MP: 17/17
 16659 | Lair:3   | Found a staircase to the Swamp.
 16870 | Lair:3   | Reached skill level 15 in Shields
 17352 | Lair:4   | Found a frozen archway.
 17404 | IceCv    | Entered an ice cave
 18110 | IceCv    | Noticed a frost giant
 18152 | IceCv    | Killed a frost giant
 19364 | Lair:4   | Reached skill level 15 in Long Blades
 19514 | Lair:5   | Found a labyrinth entrance.
 19522 | Lab      | Entered a labyrinth
 21576 | Lab      | Got a wavering silver amulet
 21609 | Lair:5   | Identified a +7 rod of inaccuracy (13/13) (You found it in a labyrinth)
 21635 | Lair:5   | Identified the amulet "Haopivuke" {Gourm rC++ Str+3 Dex+2} (You found it in a labyrinth)
 22062 | Lair:5   | Found a hole to the Spider Nest.
 22560 | Lair:6   | Found a staircase to the Slime Pits.
 22564 | Lair:6   | Got a bloodstained ring mail
 22568 | Lair:6   | Identified the +2 ring mail of the Stars {rF+ rC- Dex+9} (You found it on level 6 of the Lair of Beasts)
 22596 | Lair:6   | Got a scintillating granite ring
 22603 | Lair:6   | Identified the ring "Irusu" {Fire rElec Dex+2 Stlth-} (You found it on level 6 of the Lair of Beasts)
 23269 | Lair:7   | Reached skill level 16 in Shields
 23734 | Lair:7   | Found a shimmering altar of Xom.
 23803 | Lair:7   | Reached XP level 15. HP: 142/148 MP: 20/20
 24123 | Lair:8   | Entered Level 8 of the Lair of Beasts
 24309 | Lair:8   | Reached skill level 10 in Dodging
 24387 | Lair:8   | Got a scintillating turquoise ring
 24389 | Lair:8   | Identified the ring of Yloloc {Int+6 Stlth+} (You found it on level 8 of the Lair of Beasts)
 25358 | Swamp:1  | Entered Level 1 of the Swamp
 25526 | Swamp:1  | You fall through a shaft!
 25547 | Swamp:2  | Reached skill level 17 in Shields
 26856 | Swamp:3  | Noticed Kirke
 27290 | Swamp:3  | Killed Kirke
 27637 | Swamp:4  | Entered Level 4 of the Swamp
 27675 | Swamp:4  | Reached skill level 10 in Invocations
 27675 | Swamp:4  | Reached XP level 16. HP: 123/159 MP: 22/22
 27783 | Swamp:4  | Noticed the 27-headed Lernaean hydra
 27793 | Swamp:4  | Killed the 24-headed Lernaean hydra
 28240 | Swamp:4  | Got a decaying rune of Zot
 28403 | Swamp:4  | Noticed a thorn hunter
 28422 | Swamp:4  | Killed a thorn hunter
 28434 | Swamp:4  | Reached skill level 18 in Shields
 29261 | Swamp:4  | Noticed Nikola
 29272 | Swamp:4  | Killed Nikola
 29338 | Swamp:4  | Noticed Mara
 29359 | Swamp:4  | Noticed graki42's illusion
 29645 | Swamp:4  | Noticed graki42's illusion
 29697 | Swamp:4  | Noticed a thorn hunter
 29850 | Swamp:4  | Killed a thorn hunter
 29891 | Swamp:4  | Noticed graki42's illusion
 29988 | Swamp:4  | Noticed graki42's illusion
 30184 | Swamp:4  | Noticed graki42's illusion
 30286 | Swamp:4  | Noticed graki42's illusion
 30409 | Swamp:4  | Killed Mara
 30431 | Swamp:4  | Noticed a thorn hunter
 30441 | Swamp:4  | Killed a thorn hunter
 30895 | Swamp:1  | Noticed Roxanne
 30945 | Swamp:1  | Killed Roxanne
 30947 | Swamp:1  | Identified Roxanne's Grimoire of Moulding (You took it off Roxanne on level 1 of the Swamp)
 31717 | Spider:1 | Entered Level 1 of the Spider Nest
 31813 | Spider:1 | Reached skill level 1 in Evocations
 31869 | Spider:1 | Reached XP level 17. HP: 153/169 MP: 15/24
 32505 | Spider:1 | Reached skill level 19 in Shields
 32510 | Spider:1 | Got a faintly glowing leather armour
 32521 | Spider:1 | Identified the +1 leather armour "Ciriqelut" {Regen+ MP+9} (You found it on level 1 of the Spider Nest)
 33071 | Spider:2 | You fall through a shaft!
 33304 | Spider:4 | Entered Level 4 of the Spider Nest
 33482 | Spider:4 | Reached skill level 15 in Fighting
 34449 | Spider:4 | Got a gossamer rune of Zot
 34571 | Spider:3 | Noticed Asterion
 34831 | Spider:4 | Reached skill level 20 in Shields
 35122 | Spider:4 | Killed Asterion
 35524 | Spider:3 | Reached XP level 18. HP: 155/179 MP: 13/26
 36352 | Spider:2 | Noticed Agnes
 36359 | Spider:2 | Killed Agnes
 36459 | Spider:2 | Noticed Louise
 36475 | Spider:2 | Killed Louise
 37319 | D:14     | Found a gate to the Vaults.
 37767 | D:15     | Found Plog's Gadget Emporium.
 37778 | D:15     | Bought a wand of heal wounds (4/9) for 576 gold pieces
 38300 | D:15     | Found a staircase to the Depths.
 38674 | Elf:1    | Entered Level 1 of the Elven Halls
 38952 | Vaults:1 | Entered Level 1 of the Vaults
 39549 | Vaults:1 | Reached skill level 21 in Shields
 39770 | Vaults:1 | Reached XP level 19. HP: 164/189 MP: 28/28
 40207 | Vaults:1 | Noticed Rupert
 40207 | Vaults:1 | Noticed Wiglaf
 40225 | Vaults:1 | Killed Rupert
 40273 | Vaults:1 | Killed Wiglaf
 41599 | Vaults:2 | Found a staircase to the Crypt.
 42946 | Vaults:3 | Reached skill level 22 in Shields
 43412 | Vaults:4 | Found Keedium's Gadget Shop.
 43605 | Vaults:4 | Got a brightly glowing ring mail
 43616 | Vaults:4 | Identified the +0 ring mail "Pasol" {+Inv Dex+4} (You found it on level 4 of the Vaults)
 43670 | Vaults:4 | Found Tuef's Antique Weapon Shoppe.
 44007 | Vaults:4 | Reached XP level 20. HP: 200/200 MP: 29/29
 44706 | Elf:1    | Got a translucent leather armour
 44717 | Elf:1    | Identified the +1 leather armour of Shadows and Fog {MP+9} (You found it on level 1 of the Elven Halls)
 45637 | Elf:2    | Got a bloodstained ring mail
 45648 | Elf:2    | Identified the cursed +1 ring mail of Picootaph {-Cast rC- Str+8 SInv} (You found it on level 2 of the Elven Halls)
 45956 | Elf:2    | Found a runed gate.
 45957 | Elf:2    | Found a runed gate.
 45958 | Elf:2    | Found a runed gate.
 46714 | Elf:3    | Entered Level 3 of the Elven Halls
 46745 | Elf:3    | Reached skill level 15 in Invocations
 46779 | Elf:3    | Found Hoixain's Magic Scroll Boutique.
 46786 | Elf:3    | Bought a scroll of enchant armour for 142 gold pieces
 46786 | Elf:3    | Bought a scroll of brand weapon for 380 gold pieces
 46943 | Elf:3    | Reached skill level 15 in Armour
 46952 | Elf:3    | Reached skill level 1 in Short Blades
 47341 | Elf:3    | Reached skill level 23 in Shields
 47951 | Elf:3    | Reached XP level 21. HP: 164/210 MP: 31/31
 48173 | Elf:3    | Got a pitted troll leather armour
 48189 | Elf:3    | Got a glittering glass ring
 48197 | Elf:3    | Identified the +2 troll leather armour of the Gardener {rF+ Regen+} (You took it off a deep elf knight on level 3 of the Elven Halls)
 48198 | Elf:3    | Identified the ring "Saxkarph" {+Fly Str+3 Int-4 Dex+3} (You took it off a deep elf mage on level 3 of the Elven Halls)
 48318 | Elf:3    | Got a shimmering golden ring
 48328 | Elf:3    | Got a twitching amber ring
 48355 | Elf:3    | Got a shimmering lead ring
 48367 | Elf:3    | Got an ichor-stained triple sword
 48376 | Elf:3    | Identified the +4 triple sword of Uniass {speed, rElec rC+ MR+ Stlth+} (You found it on level 3 of the Elven Halls)
 48512 | Elf:3    | Got a pair of polished gloves
 48523 | Elf:3    | Identified the +1 pair of gloves of Xewk {rElec MR- Regen+ Int+4} (You found it on level 3 of the Elven Halls)
 48539 | Elf:3    | Identified the ring "Famiq" {SustAt MR+} (You found it on level 3 of the Elven Halls)
 48543 | Elf:3    | Identified the ring of Zewis {rF+ rC+ MP+9 Dex-3} (You found it on level 3 of the Elven Halls)
 48545 | Elf:3    | Identified the ring "Tixegabb" {+Blink rN+ Stlth-} (You took it off a deep elf sorcerer on level 3 of the Elven Halls)
 48800 | Lair:2   | Identified a +3 rod of inaccuracy (14/14) (You took it off a deep elf mage on level 3 of the Elven Halls)
 49134 | Vaults:5 | Entered Level 5 of the Vaults
 49143 | Vaults:5 | Noticed an ancient lich
 49157 | Vaults:5 | Noticed a golden dragon
 49157 | Vaults:5 | The Shining One protects you from harm!
 49179 | Vaults:5 | Killed from afar by a tengu reaver

Skill      XL: |  1  2  3  4  5  6  7  8  9 10 11 12 13 14 15 16 17 18 19 20 |
---------------+-------------------------------------------------------------+-----
Shields        | 4 5 6 7 9 10 12 13 14 16 17 18 20 21 22 23 | 23.6
Armour         | 4 5 6 7 8 9 10 11 12 13 14 15 | 15.4
Fighting       | 4 5 6 7 8 9 11 12 13 14 15 16 17 | 17.5
Long Blades    | 3 4 6 7 9 11 12 14 15 16 17 18 20 21 | 21.5
Dodging        | 1 2 3 4 6 7 9 10 11 | 11.1
Invocations    | 1 4 6 8 10 11 12 13 14 15 | 15.8
Evocations     | 1 |  1.0
Short Blades   | 1 |  1.2
Throwing       | |  0.8
Unarmed Combat | |  0.2

Action                   |  1- 3 |  4- 6 |  7- 9 | 10-12 | 13-15 | 16-18 | 19-21 || total
-------------------------+-------+-------+-------+-------+-------+-------+-------++-------
Melee: Long sword        |    69 |   134 |   447 |  1036 |   169 |       |    29 ||  1884
       Headbutt          |    10 |    22 |    58 |   243 |   487 |   625 |   483 ||  1928
       Short sword       |       |       |     9 |       |       |       |       ||     9
       Kick              |       |       |       |   123 |   706 |   928 |   705 ||  2462
       Scimitar          |       |       |       |    26 |  1100 |  1469 |  1312 ||  3907
       Falchion          |       |       |       |       |   400 |   281 |       ||   681
       Unarmed           |       |       |       |       |     6 |       |       ||     6
       Quick blade       |       |       |       |       |       |       |    37 ||    37
Throw: Tomahawk          |       |       |     2 |       |       |       |       ||     2
       Throwing net      |       |       |     1 |     1 |       |     2 |       ||     4
 Cast: Apportation       |       |       |       |       |       |       |     1 ||     1
Invok: Divine Shield     |       |       |       |     4 |     2 |     5 |     5 ||    16
       Summon Divine War |       |       |       |       |       |     3 |     3 ||     6
       Cleansing Flame   |       |       |       |       |       |       |     3 ||     3
Evoke: Wand              |       |       |     1 |     1 |       |       |     2 ||     4
       Rod               |       |       |       |       |       |     4 |       ||     4
  Use: Scroll            |       |     2 |    12 |    18 |    12 |    11 |    15 ||    70
       Potion            |       |       |     9 |     3 |     4 |    11 |     5 ||    32
 Stab: Confused          |       |       |       |       |     4 |     1 |       ||     5
       Held in net/web   |       |       |       |       |       |     2 |       ||     2
  Eat: Chunk             |       |     3 |    15 |    21 |    60 |    43 |    34 ||   176
       Beef jerky        |       |       |     2 |       |       |       |       ||     2
       Meat ration       |       |       |       |     1 |       |       |       ||     1
       Royal jelly       |       |       |       |     1 |       |       |       ||     1
       Fruit             |       |       |       |       |     8 |     1 |       ||     9
Armor: Scale mail        |    28 |    48 |   111 |    81 |       |       |       ||   268
       Skin              |       |       |    27 |    33 |       |       |       ||    60
       Plate armour      |       |       |       |   182 |   252 |   533 |   162 ||  1129
       Crystal plate arm |       |       |       |       |   272 |       |       ||   272
Dodge: Dodged            |    20 |    38 |   132 |   317 |   453 |   567 |   261 ||  1788
Block: Shield            |    38 |    71 |   236 |   685 |   608 |       |       ||  1638
       Large shield      |       |       |       |       |   972 |  2327 |  1348 ||  4647
